 Dungeon Crawl Stone Soup version 0.27.0-1-g7a089689b8 (webtiles) character file.

Game seed: 4175177690361633607

5 Spectrina the Ducker (level 1, 0/13 HPs)
             Began as a Deep Elf Monk on Aug 8, 2021.
             Slain by a jackal (2 damage)
             ... on level 3 of the Dungeon.
             The game lasted 00:01:49 (154 turns).

Spectrina the Ducker (Deep Elf Monk)                 Turns: 154, Time: 00:01:49

Health: 0/13       AC:  2    Str:  7 (8)  XL:     1   Next: 66%
Magic:  4/4        EV: 13    Int: 12 (14) God:
Gold:   9          SH:  0    Dex: 14 (17) Spells: 0/0 levels left

rFire    . . .     SeeInvis .   a - +0 short sword
rCold    . . .     Faith    .   (no shield)
rNeg     . . .     Spirit   .   b - +0 robe
rPois    .         Reflect  .   (no helmet)
rElec    .         Harm     .   (no cloak)
rCorr    .         Rampage  .   (no gloves)
Will     .....                  (no boots)
Stlth    ++........             (no amulet)
HPRegen  0.04/turn              (no ring)
MPRegen  0.09/turn              (no ring)

@: no status effects
A: no striking features
a: no special abilities


You were on level 3 of the Dungeon.
You visited 1 branch of the dungeon, and saw 3 of its levels.

You collected 9 gold pieces.

Inventory:

Hand Weapons
 a - a +0 short sword (weapon)
Missiles
 e - 12 bolts
Armour
 b - a +0 robe (worn)


   Skills:
 - Level 2.4 Fighting
 - Level 3.0 Short Blades
 - Level 3.6 Dodging
 - Level 2.4 Stealth
 + Level 1.4 Invocations


You couldn't memorise any spells.
You didn't know any spells.
Your spell library was empty.

Dungeon Overview and Level Annotations

Branches:
Dungeon (3/15)

Altars:
Beogh

Annotations:
D:3 3 runed translucent doors, horus123's ghost, amateur KoBr


Message History

You completely miss the jackal. The jackal misses you.
Unknown command.
You aren't carrying any scrolls.
You aren't carrying any potions.
You aren't carrying any items that you can evoke.
You open the door.
A bat comes into view.
The jackal bites you.
* * * LOW HITPOINT WARNING * * *
The jackal closely misses you.
Found a stone staircase leading down.
Unknown command.
Unknown command.
There is an open door here.
Unknown command.
The jackal barks!
The jackal closely misses you. The bat completely misses you. The bat hits you.
* * * LOW HITPOINT WARNING * * *
The jackal closely misses you. The bat misses you.
The bat hits you but does no damage. The jackal bites you.
* * * LOW HITPOINT WARNING * * *
The bat misses you.
The jackal bites you but does no damage.
The jackal closely misses you.
There is a stone staircase leading down here.
The jackal misses you. The bat closely misses you.
The jackal barely misses you.
You climb downwards.
Horus123's ghost turns its malevolent gaze towards you.
The orc shouts!
You hear a shout! x2
Found a runed translucent gate.
There is a stone staircase leading up here.
Unknown command.
The orc shouts!
The jackal bites you but does no damage.
You hear a shout!
Found a cloak.
Found a roughly hewn altar of Beogh.
The jackal bites you.
You die...

.# ## .# ..
#.## ###.
##...##
.#.##.....###
.. .........
##. #.....#
#..#..##<...###
#.8.@hh.......
########+++###
#.o.........
#...o#####..
#.###.


Wo. # #o#8#.. ..# #...o...... #8....[_o You could see 6 orcs and 2 jackals.

Vanquished Creatures
  2 endoplasms (D:1)
  A quokka (D:1)
  A ball python (D:1)
  A rat (D:1)
5 creatures vanquished.

Notes
Turn   | Place    | Note
-------+----------+-------------------------------------------
     0 | D:1      | Spectrina the Deep Elf Monk began the quest for the Orb.
     0 | D:1      | Reached XP level 1. HP: 13/13 MP: 3/3
    38 | D:1      | Reached skill level 1 in Invocations
   152 | D:3      | Found a runed translucent gate.
   152 | D:3      | Found a runed translucent gate.
   152 | D:3      | Found a runed translucent gate.
   152 | D:3      | Noticed horus123's ghost (amateur KoBr)
   154 | D:3      | Slain by a jackal

Illustrated notes

Levels and vault maps discovered:
D:1:      erik_arrival_blinker_ship, layout_basic
D:2:      layout_basic, minmay_lizard_pond
D:3:      kennysheep_the_goblin_king, layout_loops_ring, vehumet_altar_wand_db,
          lemuel_coloured_pillars_altar, grunt_temple_overflow_diamond,
          biasface_ghost_orc_armoury

Skill      XL: |  1 |
---------------+----+-----
Invocations    | 1 |  1.4
Fighting       | |  2.4
Short Blades   | |  3.0
Dodging        | |  3.6
Stealth        | |  2.4

Action                   || total
-------------------------++-------
Melee: Short sword       ||    19
  Use: Potion            ||     2
 Stab: Sleeping          ||     1
Armor: Robe              ||     6
Dodge: Dodged            ||    22
